 Dungeon Crawl Stone Soup version 0.22.1-2-g9c5b331383 (webtiles) character file.

101 McIrco the Sneak (level 4, -9/31 HPs)
             Began as a Vampire Enchanter on Jan 5, 2019.
             Killed by divine providence
             ... invoked by an orc priest
              (14 damage)
             ... on level 3 of the Dungeon.
             The game lasted 00:03:52 (5366 turns).

McIrco the Sneak (Vampire Enchanter)                Turns: 5366, Time: 00:03:53

Health: -9/31      AC:  3    Str:  7    XL:     4   Next: 48%
Magic:  0/7        EV: 13    Int: 17    God:
Gold:   224        SH:  0    Dex: 15    Spells: 6/7 levels left

rFire    . . .     SeeInvis +   a - +1 dagger
rCold    + + .     Gourm    .   (no shield)
rNeg     + + +     Faith    .   b - +0 robe
rPois    ∞         Spirit   +   (no helmet)
rElec    .         Reflect  .   i - +0 cloak
rCorr    .         Harm     .   (no gloves)
MR       .....                  (no boots)
Stlth    +++++.....             h - amulet of guardian spirit
HPRegen  0.00/turn              (no ring)
MPRegen  0.10/turn              (no ring)

@: bloodless, non-regenerating
A: fangs 3, see invisible, unbreathing
a: Bat Form


You were on level 3 of the Dungeon.
You were bloodless.

You visited 1 branch of the dungeon, and saw 3 of its levels.

You collected 224 gold pieces.

Inventory:

Hand Weapons
 a - a +1 dagger (weapon)
Armour
 b - a +0 robe (worn)
 i - a +0 cloak (worn)
Jewellery
 g - an uncursed amulet of rage
 h - an amulet of guardian spirit (around neck)
 r - an uncursed ring of see invisible {unknown}
Scrolls
 c - 3 scrolls of identify {unknown}
 e - a scroll of blinking {unknown}
 f - 2 scrolls of remove curse {unknown}
 k - a scroll of immolation {unknown}
 l - a scroll of fear {unknown}
 n - a scroll of enchant weapon {unknown}
 t - a scroll of random uselessness {unknown}
Potions
 d - 8 potions of blood
 j - a potion of brilliance {unknown}
 m - 2 potions of might {unknown}
 o - a potion of haste {unknown}
 p - a potion of mutation {unknown}
 q - a potion of cancellation {unknown}
 s - a potion of resistance {unknown}


   Skills:
 + Level 0.6 Fighting
 + Level 2.1 Short Blades
 * Level 2.9 Dodging
 + Level 6.0 Stealth
 + Level 2.3 Spellcasting
 + Level 4.9 Hexes


You had 6 spell levels left.
You knew the following spells:

 Your Spells              Type           Power        Failure   Level  Hunger
a - Corona                Hex            ###....      2%          1    #......

Your spell library contained the following spells:

 Spells                   Type           Power        Failure   Level  Hunger
 Confuse                  Hex            ###.....     8%          3    ###....
 Tukima's Dance           Hex            ###.....     8%          3    ###....
 Ensorcelled Hibernation  Hex/Ice        ##....       11%         2    ##.....
 Dazzling Spray           Conj/Hex       ##....       21%         3    ###....


Dungeon Overview and Level Annotations

Branches:
Dungeon (3/15)

Altars:
Vehumet


Innate Abilities, Weirdness & Mutations

You do not heal naturally.
You are immune to poison.
You have razor-sharp teeth.
You have supernaturally acute eyesight. (SInv)
You can survive without breathing.


Message History

The orc misses you. The orc priest closely misses you.
You hit the orc priest.
The orc priest is heavily wounded.
The orc closely misses you.
You barely miss the orc priest.
The orc priest is heavily wounded.
The orc priest barely misses you. The orc closely misses you.
You barely miss the orc priest. You bite the orc priest.
You draw the orc priest's blood!
You feel better.
You feel slightly less thirsty.
The orc priest is severely wounded.
The orc priest stops glowing.
The orc priest hits you but does no damage.
The orc closely misses you.
Unknown command.
You hit the orc priest.
The orc priest is almost dead.
The orc priest invokes the aid of Beogh against you.
Beogh smites you!
You die...

## <# #
.###.# ##
.#.. #.
...#
##.##.#.#
#.#..oo...#
#...†@<)#
###..####
#... #.#.
#.#. # ##


You could see an orc priest and an orc.

Vanquished Creatures
  An orc wizard (D:3)
  2 adders (D:2)
  A worm (D:2)
  A dart slug (D:2)
  3 leopard geckos
  An orc (D:3)
  A giant cockroach (D:1)
  6 goblins (D:1)
  5 hobgoblins
  2 jackals (D:2)
  5 kobolds (D:1)
  A ball python (D:1)
  5 bats
  5 frilled lizards
  2 rats
41 creatures vanquished.

Notes
Turn   | Place    | Note
-------+----------+-------------------------------------------
     0 | D:1      | McIrco the Vampire Enchanter began the quest for the Orb.
     0 | D:1      | Reached XP level 1. HP: 13/13 MP: 3/3
  2449 | D:1      | Reached XP level 2. HP: 19/19 MP: 5/5
  3341 | D:1      | Reached skill level 5 in Stealth
  3758 | D:1      | Reached XP level 3. HP: 18/24 MP: 3/6
  4314 | D:2      | Found a radiant altar of Vehumet.
  4699 | D:2      | Reached XP level 4. HP: 12/31 MP: 4/7
  5348 | D:3      | Reached skill level 6 in Stealth
  5360 | D:3      | HP: 1/31 [orc priest/club (6)]
  5366 | D:3      | Killed from afar by an orc priest

Skill      XL: |  1  2  3  4 |
---------------+-------------+-----
Stealth        | 5 6 |  6.0
Short Blades   | 2 |  2.1
Fighting       | |  0.6
Dodging        | |  2.9
Spellcasting   | |  2.3
Hexes          | |  4.9

Action                   |  1- 3 |  4- 6 || total
-------------------------+-------+-------++-------
Melee: Dagger            |   140 |    32 ||   172
       Bite              |    10 |     1 ||    11
 Cast: Corona            |       |     1 ||     1
 Abil: End Transformatio |       |     1 ||     1
       Bat Form          |       |     1 ||     1
  Use: Potion            |     1 |     1 ||     2
 Stab: Sleeping          |    17 |     2 ||    19
  Eat: Corpse            |     2 |       ||     2
Armor: Robe              |    16 |     3 ||    19
Dodge: Dodged            |    72 |    31 ||   103
